Map: Coda LE

Players

Inflicted - Winner!

  • Race: Terran Terran
  • Spawn Location: 11:00

iNcontroLRC (INcontroL)

  • Race: Protoss Protoss
  • Spawn Location: 5:00

Event: LycanGTV LotV Beta Tournament 1

VOD

Have the link to the VOD?

Description

Time

  • Played on: April 2, 2015, 12:58 p.m.
  • Length: 7:02

All games in this series

Show
View Real Time Build Order
Export as new Build Order

Inflicted Terran - Winner!

Build Orders: MMM Bio 

Get SALT Encoding   

  12  0:02  SCV  
  13  0:14  SCV  
  13  0:19  Supply Depot  
  14  0:27  SCV  
  15  0:41  SCV  
  15  0:42  Barracks  
  16  0:44  Refinery  
  16  0:53  SCV  
  16  0:56  Refinery  
  17  1:05  SCV  
  18  1:17  SCV  
  19  1:29  Reaper  
  19  1:31  Supply Depot, Orbital Command  
  20  1:56  SCV  
  21  2:01  Barracks  
  21  2:03  Barracks Tech Lab  
  21  2:04  Barracks  
  21  2:10  SCV  
  22  2:22  SCV  
  23  2:40  Command Center, Stimpack  
  23  2:44  SCV  
  24  2:50  Marine  
  25  2:51  Marine  
  25  2:54  Marine  
  25  2:56  SCV  
  28  3:01  Supply Depot  
  28  3:08  SCV  
  28  3:11  Marine x2  
  31  3:19  Factory  
  31  3:22  Marine  
  31  3:25  Supply Depot  
  32  3:29  SCV  
  32  3:31  Marine x2  
  35  3:41  SCV  
  35  3:43  Engineering Bay  
  36  3:48  Supply Depot  
  36  3:49  Marine x2  
  36  3:51  Marine  
  39  4:01  Orbital Command  
  39  4:07  Starport  
  39  4:09  Factory Reactor  
  39  4:21  Terran Infantry Weapons Level 1, Marine  
  39  4:22  Marine  
  39  4:23  SCV  
  42  4:26  Supply Depot  
  42  4:34  Marauder  
  42  4:36  SCV  
  42  4:37  SCV  
  46  4:48  Combat Shields  
  46  4:51  SCV x2  
  48  4:55  Medivac x2  
  48  4:58  Barracks Reactor x2  
  52  5:03  SCV x2  
  54  5:11  Factory Tech Lab  
  54  5:14  Refinery  
  54  5:15  SCV x2  
  54  5:16  Marauder  
  58  5:25  Missile Turret  
  58  5:27  SCV  
  58  5:28  SCV  
  60  5:32  Supply Depot, Medivac  
  60  5:33  Marine x2  
  60  5:34  Marine  
  60  5:35  Marine  
  66  5:37  Marine  
  66  5:39  SCV  
  68  5:46  Refinery  
  68  5:48  Supply Depot  
  68  5:50  Supply Depot  
  68  5:51  Marine  
  68  5:52  Medivac  
  68  5:53  Marine x2  
  68  5:54  Marine  
  68  5:55  SCV x2, Marauder  
  78  6:07  SCV x2  
  78  6:11  Marine x2  
  80  6:16  Marine x2  
  80  6:17  Marauder  
  84  6:26  Cyclone  
  84  6:29  Marine x2  
  84  6:30  SCV, Medivac x2  
  84  6:31  SCV  
  95  6:35  Supply Depot  
  95  6:36  Supply Depot, Marine x2  
  95  6:39  Marauder  
Show
View Real Time Build Order
Export as new Build Order

iNcontroLRC Protoss 

Build Orders:  

Get SALT Encoding   

  12  0:01  Probe  
  13  0:15  Pylon  
  13  0:17  Probe  
  14  0:33  Probe (Chrono Boost)  
  15  0:36  Gateway  
  16  0:43  Probe (Chrono Boost)  
  16  0:45  Assimilator  
  16  0:50  Probe  
  16  0:52  Assimilator  
  17  1:02  Probe (Chrono Boost)  
  18  1:04  Pylon  
  18  1:13  Probe (Chrono Boost)  
  19  1:19  Probe  
  19  1:25  Cybernetics Core  
  20  1:31  Probe (Chrono Boost)  
  21  1:43  Probe (Chrono Boost)  
  22  1:50  Probe (Chrono Boost)  
  23  2:00  Probe (Chrono Boost)  
  23  2:01  Stalker, Pylon, Warp Gate (Chrono Boost)  
  26  2:13  Mothership Core (Chrono Boost)  
  28  2:35  Probe  
  29  2:40  Sentry  
  29  2:44  Nexus  
  31  2:47  Probe  
  32  2:56  Robotics Facility  
  32  2:59  Probe  
  33  3:13  Probe (Chrono Boost)  
  33  3:17  Gateway  
  33  3:19  Forge  
  34  3:25  Probe (Chrono Boost)  
  35  3:34  Probe (Chrono Boost)  
  36  3:36  Pylon  
  36  3:43  Probe, Observer  
  38  3:52  Protoss Ground Armor Level 1 (Chrono Boost)  
  38  3:56  Probe (Chrono Boost)  
  38  4:02  Probe (Chrono Boost)  
  40  4:03  Sentry  
  40  4:06  Probe (Chrono Boost)  
  40  4:09  Immortal (Chrono Boost), Probe (Chrono Boost)  
  48  4:14  Probe  
  48  4:17  Assimilator  
  49  4:25  Probe  
  49  4:27  Twilight Council  
  49  4:28  Probe  
  51  4:31  Assimilator  
  51  4:36  Stalker  
  51  4:37  Probe  
  54  4:40  Probe  
  55  4:49  Probe  
  55  4:50  Immortal  
  60  4:59  Photon Cannon  
  60  5:02  Pylon  
  60  5:03  Pylon  
  60  5:10  Pylon  
  60  5:20  Probe x2  
  62  5:22  Templar Archives  
  62  5:26  Charge (Chrono Boost)  
  62  5:32  Probe x2  
  64  5:44  Probe x2  
  64  5:48  Observer  
  67  5:50  Pylon  
  67  5:56  Probe  
  68  6:03  Pylon  
  68  6:09  Probe  
  68  6:13  Gateway  
  68  6:15  Gateway  
  68  6:17  Gateway  
  68  6:20  Gateway  
  63  6:25  Zealot  
  63  6:26  Zealot  
  63  6:28  Pylon  
  67  6:37  Pylon  
  67  6:38  Photon Cannon  
  67  6:51  Zealot x2  

Tags
 
Composition
MMM Bio
Matchup
PvT
Player
INcontroL
Replay Pack
Ro 16
Spawn Locations
Cross Positions
Add a new tag
Caveats
  • Supply blocks, unpowered buildings, or Contaminate may cause inaccurate times.
  • Supply counts are checked every 10 seconds.